 Dungeon Crawl Stone Soup version 0.31-a0-200-gbc41564c69 (webtiles) character file.

Game seed: 2123093750969197541

55 qw the Shooter (level 3, 0/20 HPs)
             Began as a Deep Elf Hunter on June 25, 2023.
             Slain by an orc
             ... wielding a +0 club
              (3 damage)
             ... on level 3 of the Dungeon.
             The game lasted 00:00:36 (1788 turns).

qw the Shooter (Deep Elf Hunter)                    Turns: 1788, Time: 00:00:37

Health: 0/20       AC:  4    Str: 10    XL:     3   Next: 67%
Magic:  5/5        EV: 12    Int: 13    God:
Gold:   137        SH:  0    Dex: 18    Spells: 2/2 levels left

rFire   . . .        Y - +0 shortbow
rCold   . . .        (shield currently unavailable)
rNeg    . . .        c - +0 leather armour
rPois   .            i - +0 helmet
rElec   .            (no cloak)
rCorr   .            (no gloves)
SInv    .            (no boots)
Will    .....        (no amulet)
Stlth   ++           (no ring)
HPRegen 0.23/turn    (no ring)
MPRegen 0.09/turn

%: no passive effects
@: no status effects
A: no striking features
a: no special abilities


You were on level 3 of the Dungeon.
You visited 1 branch of the dungeon, and saw 3 of its levels.

You collected 137 gold pieces.


   Skills:
 - Level 1.5 Fighting
 + Level 7.2 Ranged Weapons
 - Level 2.4 Dodging
 - Level 1.2 Stealth


You had 2 spell levels left.
You didn't know any spells.
Your spell library was empty.

Inventory:

Hand Weapons
 Y - a +0 shortbow (weapon)
Armour
 c - a +0 leather armour (worn)
 i - a +0 helmet (worn)
Scrolls
 a - a scroll of identify
Potions
 e - a potion of resistance {unknown}
 g - a potion of ambrosia {unknown}

Dungeon Overview and Level Annotations

Branches:
Dungeon (3/15)

Altars:


Message History

The hound is almost dead.
The hound barely misses you. The orc hits you but does no damage.
The hound barely misses you.
You shoot an arrow. The arrow barely misses the hound.
The arrow hits the hobgoblin.
The hobgoblin is severely wounded.
The hound closely misses you. The orc closely misses you.
The hound bites you but does no damage. The orc closely misses you.
You shoot an arrow. The arrow barely misses the hound.
The arrow hits the hobgoblin but does no damage.
The hobgoblin is severely wounded.
The hound barely misses you. The orc hits you with a +0 club.
You shoot an arrow.
The arrow hits the hound but does no damage.
The hound is almost dead.
The hound closely misses you. The hound barely misses you.
The orc hits you with a +0 club.
You shoot an arrow. The arrow closely misses the hound.
The arrow barely misses the hobgoblin.
The hound bites you. The orc closely misses you.
You shoot an arrow.
The arrow hits the hound but does no damage.
The hound is almost dead.
The hound stops to sniff the ground.
The hound misses you. The hound bites you. The orc hits you with a +0 club.
You shoot an arrow. The arrow closely misses the hound.
The arrow hits the hobgoblin but does no damage.
The hobgoblin is severely wounded.
The hound closely misses you.
The orc curses repeatedly.
The orc hits you but does no damage.
You shoot an arrow. The arrow barely misses the hound.
The arrow closely misses the hobgoblin.
The hound bites you but does no damage. The hound misses you.
The orc hits you but does no damage.
You shoot an arrow. The arrow barely misses the hound.
The arrow hits the hobgoblin.
You kill the hobgoblin!
The hound bites you. The orc hits you with a +0 club.
You die...

.### .... ..... ########
..... #......#########
...... ###......##.......
......##........##.######
.........####............
........##g.##..##.######
........@h|..#..##.....#.
.######.o##..#..###......
...## #..# #...).. #.#.#
...# #...... #...# ....#
#...... ###.# ##.##
#..)... #.. .. #...... .[
#...... ####.#.


You could see a hound, an orc and a hobgoblin.

Vanquished Creatures
  An adder (D:2)
  A worm (D:2)
  A dart slug (D:2)
  2 ball pythons
  2 bats
  3 endoplasms
  A giant cockroach (D:1)
  4 hobgoblins
  5 jackals
  9 kobolds
  2 quokkas (D:1)
  A frilled lizard (D:2)
  2 goblins
  4 rats
38 creatures vanquished.

Notes
Turn   | Place    | Note
-------+----------+-------------------------------------------
     0 | D:1      | qw the Deep Elf Hunter began the quest for the Orb.
     0 | D:1      | Reached XP level 1. HP: 12/12 MP: 3/3
     0 | D:1      | 0 ||| qw: Version: 0.3-a-22-g0ed2b0b
     0 | D:1      | 0 ||| qw: Game counter: 5520
     0 | D:1      | 0 ||| qw: Melee chars always use a shield: true
     0 | D:1      | 0 ||| qw: God list: Okawaru
     0 | D:1      | 0 ||| qw: Allow faded altars: false
     0 | D:1      | 0 ||| qw: Do Orc after clearing Dungeon:15 true
     0 | D:1      | 0 ||| qw: Do second Lair branch before Depths: true
     0 | D:1      | 0 ||| qw: Lair rune preference: random
     0 | D:1      | 0 ||| qw: Goals: Normal
     0 | D:1      | 0 ||| PLANNING D:1-11
   166 | D:1      | Reached XP level 2. HP: 16/16 MP: 4/4
   168 | D:1      | Reached skill level 6 in Ranged Weapons
   815 | D:1      | 815 ||| READING 2 scrolls labelled FEOMUS UQELAAKIUFE.
   816 | D:1      | 816 ||| READING scroll labelled KIG IDEOGEGOD.
   817 | D:1      | 817 ||| DROPPING scroll of butterflies.
   859 | D:2      | 859 ||| STAIRDANCE
  1042 | D:2      | Reached XP level 3. HP: 11/20 MP: 5/5
  1047 | D:2      | HP: 5/20 [poisoned by an adder]
  1415 | D:2      | Reached skill level 7 in Ranged Weapons
  1638 | D:2      | 1638 ||| UPGRADING to +0 helmet.
  1643 | D:2      | 1643 ||| READING scroll labelled MAEFENGUETU.
  1644 | D:2      | 1644 ||| READING scroll labelled KEXOMU PIAJY.
  1645 | D:2      | 1645 ||| READING scroll labelled YRAIHU VYF.
  1646 | D:2      | 1646 ||| READING 2 scrolls of identify.
  1646 | D:2      | 1646 ||| IDENTIFYING coppery potion
  1647 | D:2      | 1647 ||| DROPPING potion of berserk rage.
  1785 | D:3      | HP: 4/20 [orc/+0 club (4)]
  1788 | D:3      | Slain by an orc

Levels and vault maps discovered:
D:1:      moated_graveyard_arrival, layout_loops_corners, minmay_3d_cube
D:2:      layout_loops_ring
D:3:      layout_basic, basic_ecumenical_altar, minmay_close_crescents

Skill      XL: |  1  2  3 |
---------------+----------+-----
Ranged Weapons | 6 7 |  7.2
Fighting       | |  1.5
Dodging        | |  2.4
Stealth        | |  1.2

Action                     || total
---------------------------++-------
   Fire: Shortbow          ||   142
    Use: Scroll            ||     6
 Armour: Leather armour    ||    19
  Dodge: Dodged            ||    66

Table legend:
 A = Non-vault XP
 B = Vault XP
 C = Vault XP percentage of total XP
 D = Non-vault monster count
 E = Vault monster count
 F = Vault count percentage of total count
                 A         B        C        D         E       F
            +---------+---------+-------+---------+---------+-------
      Total |      71 |      10 |  12.3 |      33 |       5 |  13.2
            +---------+---------+-------+---------+---------+-------
        D:1 |      22 |       6 |  21.4 |      13 |       3 |  18.8
        D:2 |      47 |       0 |   0.0 |      18 |       0 |   0.0
        D:3 |       2 |       4 |  66.7 |       2 |       2 |  50.0
            +---------+---------+-------+---------+---------+-------
